 Dungeon Crawl Stone Soup version 0.24-a0-537-g2d01d4ab0a (webtiles) character file.

Game seed: 7555323238665966815

152 Kae the Spear-Bearer (level 5, -6/38 HPs)
             Began as a Merfolk Gladiator on Aug 14, 2019.
             Mangled by a gnoll
             ... wielding a +1 spear of distortion
              (8 damage)
             ... on level 3 of the Dungeon.
             The game lasted 00:01:35 (2551 turns).

Kae the Spear-Bearer (Merfolk Gladiator)            Turns: 2551, Time: 00:01:35

Health: -6/38      AC:  5    Str: 16    XL:     5   Next: 34%
Magic:  5/5        EV: 14    Int:  7    God:
Gold:   179        SH: 11    Dex: 20    Spells: 4/4 levels left

rFire    . . .     SeeInvis .   a - +0 trident
rCold    . . .     Gourm    .   p - +0 large shield
rNeg     . . .     Faith    .   b - +0 leather armour
rPois    .         Spirit   .   c - +0 helmet
rElec    .         Reflect  .   (no cloak)
rCorr    .         Harm     .   o - +0 pair of gloves
MR       .....                  (no boots)
Stlth    +++.......             (no amulet)
HPRegen  0.12/turn              (no ring)
MPRegen  0.09/turn              (no ring)

@: agile
A: change form in water, swift swim, stealthy swim
a: no special abilities


You were on level 3 of the Dungeon.
You were hungry.

You visited 1 branch of the dungeon, and saw 3 of its levels.

You collected 179 gold pieces.

Inventory:

Hand Weapons
 a - a +0 trident (weapon)
Missiles
 d - 3 throwing nets (quivered)
Armour
 b - a +0 leather armour (worn)
 c - a +0 helmet (worn)
 o - a +0 pair of gloves (worn)
 p - a +0 large shield (worn)
Jewellery
 q - a cursed ring of see invisible {unknown}
 s - an uncursed ring of see invisible {unknown}
Scrolls
 e - 2 scrolls of enchant weapon {unknown}
 g - 4 scrolls of identify {unknown}
 i - a scroll of fog {unknown}
 m - 2 scrolls of magic mapping {unknown}
 n - a scroll of teleportation {unknown}
 u - a scroll of fear {unknown}
Potions
 k - a potion of lignification {unknown}
 l - a potion of invisibility {unknown}
 r - a potion of degeneration {unknown}
Comestibles
 f - 9 rations
 t - 2 chunks of flesh


   Skills:
 - Level 2.1 Fighting
 + Level 8.5 Polearms
 - Level 2.0 Throwing
 - Level 4.0 Dodging


You had 4 spell levels left.
You didn't know any spells.
Your spell library was empty.

Dungeon Overview and Level Annotations

Branches:
Dungeon (3/15)

Altars:
Fedhas
Yredelemnul


Message History

* * * LOW HITPOINT WARNING * * *
You are too injured to fight recklessly!
You are too injured to fight recklessly!
You are too injured to fight recklessly!
You are too injured to fight recklessly!
You are too injured to fight recklessly!
You are too injured to fight recklessly!
You are too injured to fight recklessly!
You are too injured to fight recklessly!
You are too injured to fight recklessly!
You are too injured to fight recklessly!
It was a potion of heal wounds.
You feel much better.
You are feeling hungry.
The gnoll hits you from afar with a +1 spear of distortion.
Space warps horribly around you!
* * * LOW HITPOINT WARNING * * *
It was a potion of agility.
You feel agile all of a sudden.
The gnoll hits you from afar with a +1 spear of distortion!
You die...

#............#.#.#.#.#.#
#.)....##.#...#.#.#.#.#.
#.........#..#.#.#.#.#.#
##'##....#####.#####.#.#
#.##....'...........#.#
###########.##....#############.#
#...........####'## #.#
#.########### #.# ..# #.#### #@#
..# .....# #.# ..# #.##.#
#g######... ...# #.##.#
#g..g)g.... #.##.########
#######.... #.##..<.....# .
...+........# ####........#
#........#


You could see 2 gnolls.

Vanquished Creatures
  Terence (D:2)
  2 gnolls (D:3)
  3 adders (D:2)
  4 worms
  A dart slug (D:3)
  2 leopard geckos (D:2)
  A giant cockroach (D:1)
  9 goblins
  6 hobgoblins
  11 jackals
  9 kobolds
  A quokka (D:2)
  4 bats
  2 frilled lizards (D:1)
  7 rats
63 creatures vanquished.

Notes
Turn   | Place    | Note
-------+----------+-------------------------------------------
     0 | D:1      | Kae the Merfolk Gladiator began the quest for the Orb.
     0 | D:1      | Reached XP level 1. HP: 16/16 MP: 1/1
    58 | D:1      | Reached skill level 5 in Polearms
    71 | D:1      | Reached XP level 2. HP: 18/22 MP: 2/2
   452 | D:1      | Reached skill level 6 in Polearms
   452 | D:1      | Reached XP level 3. HP: 21/27 MP: 3/3
   795 | D:2      | Found a blossoming altar of Fedhas.
  1050 | D:2      | Reached skill level 7 in Polearms
  1050 | D:2      | Reached XP level 4. HP: 33/33 MP: 4/4
  1326 | D:2      | Noticed Terence
  1686 | D:2      | Killed Terence
  2189 | D:3      | Found a basalt altar of Yredelemnul.
  2191 | D:3      | Reached skill level 8 in Polearms
  2221 | D:3      | Reached XP level 5. HP: 37/38 MP: 5/5
  2551 | D:3      | Mangled by a gnoll

Levels and vault maps discovered:
D:1:      erik_arrival_triangle_small, layout_loops_ring
D:2:      layout_basic, serial_forest, infiniplex_forest_lined_ring,
          infiniplex_forest_diagonal, infiniplex_forest_clump_C,
          infiniplex_forest_clump_double, infiniplex_forest_clump_long,
          infiniplex_forest_clump_long, infiniplex_forest_clump_small,
          infiniplex_forest_straight_3, infiniplex_forest_clump_diagonal,
          fedhas_altar_3, uniq_terence
D:3:      layout_basic, yredelemnul_altar_generic, first_ration, minivault_23,
          ebering_dispersal_statue_hall, minmay_quantized

Skill      XL: |  1  2  3  4 |
---------------+-------------+-----
Polearms       | 5 6 7 8 |  8.5
Fighting       | |  2.1
Throwing       | |  2.0
Dodging        | |  4.0

Action                   |  1- 3 |  4- 6 || total
-------------------------+-------+-------++-------
Melee: Trident           |   126 |   119 ||   245
  Use: Potion            |       |     2 ||     2
 Stab: Sleeping          |     1 |       ||     1
  Eat: Chunk             |       |     5 ||     5
Armor: Leather armour    |    20 |    19 ||    39
Dodge: Dodged            |    82 |    35 ||   117
Block: Large shield      |       |    23 ||    23

Table legend:
 A = Non-vault XP
 B = Vault XP
 C = Vault XP percentage of total XP
 D = Non-vault monster count
 E = Vault monster count
 F = Vault count percentage of total count
                 A         B        C        D         E       F
            +---------+---------+-------+---------+---------+-------
      Total |     182 |      36 |  16.5 |      62 |       1 |   1.6
            +---------+---------+-------+---------+---------+-------
        D:1 |      46 |       0 |   0.0 |      26 |       0 |   0.0
        D:2 |      78 |      36 |  31.6 |      19 |       1 |   5.0
        D:3 |      58 |       0 |   0.0 |      17 |       0 |   0.0
            +---------+---------+-------+---------+---------+-------
